 Dungeon Crawl Stone Soup version 0.30-a0-881-g1ff12e1e11 (webtiles) character file.

Game seed: 7106286922783328422

1760032 Valamore the Pyromancer (level 25, 147/147 HPs)
             Began as a Gargoyle Fire Elementalist on Mar 14, 2023.
             Was the Champion of Hepliaklqana.
             Escaped with the Orb
             ... and 3 runes!
             The game lasted 01:56:32 (57064 turns).

Valamore the Pyromancer (GrFE)                     Turns: 57064, Time: 01:56:32

Health: 147/147    AC: 40    Str: 19    XL:     25   Next: 15%
Magic:  45/45      EV: 12    Int: 27    God:    Hepliaklqana [******]
Gold:   2764       SH: 15    Dex: 10    Spells: 6/60 levels left

rFire   + + .      SeeInvis .    Y - staff of fire
rCold   + + .      Faith    .    Z - +5 kite shield {AC+3}
rNeg    + . .      Spirit   .    K - +1 leather armour of Gallantry {rElec rF+ Str+3}
rPois   ∞          Reflect  .    j - +1 helmet "Forget-Me-Not" {Regen+ Int+5}
rElec   +          Rampage  .    X - +2 cloak {Stlth+}
rCorr   +          Clarity  +    L - +2 pair of gloves
Will    ++...                    D - +3 pair of mountain boots {steadfast, rC+}
Stlth   +                        M - amulet "Siroju" {RegenMP rC+}
HPRegen 1.24/turn                Q - ring of willpower
MPRegen 0.69/turn                G - ring "Eschu Bedgh" {Wiz rCorr}

@: flying
A: reduced essence, sickness immunity, AC +19, big wings, negative energy
resistance 1, electricity resistance, torment resistance 1, petrification
resistance, clarity, dopey 1, MP-powered wands
0: Orb of Zot
}: 3/15 runes: serpentine, barnacled, slimy
a: Renounce Religion, Recall Ancestor, Ancestor Identity, Transference, Idealise


You escaped.
You worshipped Hepliaklqana.
Hepliaklqana was exalted by your worship.
You visited 11 branches of the dungeon, and saw 52 of its levels.
You also visited: Gauntlet.

You collected 6029 gold pieces.
You spent 3265 gold pieces at shops.

Inventory:

Hand Weapons
 q - the +7 Spriggan's Knife {stab, EV+4 Stlth+}
   (You found it on level 1 of the Depths)

   Stab:      It is more effective when stabbing unaware enemies, sometimes
   treating them as though they were completely helpless.
   EV:        It affects your evasion (+4).
   Stlth:     It makes you more stealthy.
 C - the +8 mace of Oenomania {pain, rC+ SInv}
   (You took it off a centaur on level 1 of the Lair of Beasts)

   rC:        It protects you from cold.
   SInv:      It lets you see invisible.
Missiles
 d - 7 throwing nets
 e - 7 curare-tipped darts
Armour
 j - the +1 helmet "Forget-Me-Not" (worn) {Regen+ Int+5}
   (You acquired it on level 1 of the Lair of Beasts)

   Int:       It affects your intelligence (+5).
   Regen:     It increases your rate of health regeneration.
 n - a +3 leather armour of willpower
 D - the +3 pair of mountain boots (worn) {steadfast, rC+}
   (You bought it in a shop on level 4 of the Depths)

   Steadfast: It prevents involuntary movement, except for blinking,
   teleportation, or banishment.
   rC:        It protects you from cold.
 K - the +1 leather armour of Gallantry (worn) {rElec rF+ Str+3}
   (You found it on level 6 of the Dungeon)

   Str:       It affects your strength (+3).
   rF:        It protects you from fire.
   rElec:     It insulates you from electricity.
 L - a +2 pair of gloves (worn)
 T - a +3 buckler of protection
 X - a +2 cloak of stealth (worn)
 Z - a +5 kite shield of protection (worn)
Magical Staves
 Y - a staff of fire (weapon)
Jewellery
 s - a ring of protection from cold
 G - the ring "Eschu Bedgh" (right hand) {Wiz rCorr}
   (You found it on level 3 of the Elven Halls)

   [ring of wizardry]

   It improves your spell success rate.
   rCorr:     It protects you from acid and corrosion.
 M - the amulet "Siroju" (around neck) {RegenMP rC+}
   (You found it in a Gauntlet)

   [amulet of magic regeneration]

   It increases your rate of magic regeneration.
   rC:        It protects you from cold.
 Q - a ring of willpower (left hand)
 W - a ring of magical power
Wands
 i - a wand of light (6)
 v - a wand of digging (14)
 S - a wand of flame (31)
Scrolls
 f - a scroll of magic mapping
 g - 16 scrolls of poison
 k - 5 scrolls of silence
 l - 11 scrolls of vulnerability
 t - 18 scrolls of teleportation
 y - 7 scrolls of torment
 z - 3 scrolls of blinking
 B - 9 scrolls of immolation
 F - 13 scrolls of fog
 R - 4 scrolls of fear
 V - a scroll of summoning
Potions
 b - 3 potions of magic
 h - 7 potions of haste
 m - 9 potions of might
 o - 14 potions of curing
 p - a potion of berserk rage
 r - 2 potions of resistance
 u - 10 potions of lignification
 w - 8 potions of heal wounds
 A - 4 potions of invisibility
 E - 7 potions of ambrosia
 H - 9 potions of brilliance
 N - 3 potions of cancellation
 O - 9 potions of mutation
 P - 6 potions of attraction
Miscellaneous
 a - a box of beasts
 c - a condenser vane
 x - a tin of tremorstones (2/2)
 I - a phantom mirror
 J - a phial of floods


   Skills:
 - Level 18.8 Fighting
 - Level 7.0 Armour
 - Level 7.0 Dodging
 - Level 2.1 Stealth
 * Level 8.7 Shields
 - Level 18.0 Spellcasting
 + Level 15.0 Conjurations
 + Level 11.7 Summonings
 - Level 22.5 Fire Magic
 - Level 5.0 Ice Magic
 - Level 9.0 Air Magic
 - Level 20.1 Earth Magic
 - Level 8.0 Invocations


You had 6 spell levels left.
You knew the following spells:

 Your Spells              Type           Power      Damage    Failure   Level
a - Spellforged Servitor  Conj/Summ      38%        N/A       8%          7
b - Scorch                Fire           100%       2d10      0%          2
c - Stone Arrow           Conj/Erth      100%       3d13      0%          3
d - Mephitic Cloud        Conj/Pois/Air  61%        N/A       1%          3
e - Flame Wave            Conj/Fire      100%       2d21      0%          4
f - Freezing Cloud        Conj/Ice/Air   33%        6-21      1%          5
g - Summon Lightning Spi  Summ/Air       69%        N/A       1%          4
h - Iskenderun's Mystic   Conj/Tloc      59%        2d12      1%          4
i - Foxfire               Conj/Fire      100%       2x1d9     0%          1
j - Lehudib's Crystal Sp  Conj/Erth      43%        10d11     11%         8
k - Ignition              Fire           60%        3d16      1%          8
l - Borgnjor's Vile Clut  Necr/Erth      34%        N/A       1%          5

Your spell library contained the following spells:

 Spells                   Type           Power      Damage    Failure   Level
 Magic Dart               Conj           100%       1d8       0%          1
 Sandblast                Erth           100%       2d20      0%          1
 Sticky Flame             Conj/Fire      100%       2d11      0%          4
 Freeze                   Ice            100%       1d10      1%          1
 Summon Small Mammal      Summ           100%       N/A       1%          1
 Call Imp                 Summ           72%        N/A       1%          2
 Ensorcelled Hibernation  Hex/Ice        74%        N/A       1%          2
 Passwall                 Tmut/Erth      56%        N/A       1%          2
 Static Discharge         Conj/Air       100%       2-7/arc   1%          2
 Call Canine Familiar     Summ           72%        N/A       1%          3
 Frozen Ramparts          Ice            100%       1d16      1%          3
 Hailstorm                Conj/Ice       68%        3d14      1%          3
 Ignite Poison            Fire/Tmut/Pois 77%        N/A       1%          3
 Inner Flame              Hex/Fire       91%        N/A       1%          3
 Kindle Blastsparks       Fire/Tloc/Air  100%       2d18      1%          3
 Ozocubu's Armour         Ice            50%        N/A       1%          3
 Summon Guardian Golem    Hex/Summ       54%        N/A       1%          3
 Swiftness                Air            64%        N/A       1%          3
 Vhi's Electric Charge    Tloc/Air       96%        N/A       1%          3
 Airstrike                Air            32%        2d(5-21)  1%          4
 Fulminant Prism          Conj/Hex       29%        3d14      1%          4
 Leda's Liquefaction      Hex/Erth       34%        N/A       1%          4
 Petrify                  Tmut/Erth      68%        N/A       1%          4
 Summon Ice Beast         Ice/Summ       62%        N/A       1%          4
 Arcjolt                  Conj/Air       36%        1d46      1%          5
 Lee's Rapid Deconstruct  Erth           46%        3d22*     1%          5
 Lightning Bolt           Conj/Air       36%        1d54      1%          5
 Apportation              Tloc           48%        N/A       2%          1
 Beastly Appendage        Tmut           48%        N/A       2%          1
 Necrotise                Necr           96%        1d8       2%          1
 Slow                     Hex            96%        N/A       2%          1
 Lesser Beckoning         Tloc           48%        N/A       3%          2
 Wereblood                Tmut           24%        N/A       3%          2
 Summon Forest            Summ/Tloc      27%        N/A       5%          5
 Summon Mana Viper        Hex/Summ       54%        N/A       5%          5
 Gell's Gravitas          Tloc           24%        N/A       6%          3
 Portal Projectile        Hex/Tloc       48%        N/A       6%          3
 Spider Form              Tmut/Pois      24%        N/A       6%          3
 Teleport Other           Tloc           24%        N/A       6%          3
 Tukima's Dance           Hex            24%        N/A       6%          3
 Vampiric Draining        Necr           24%        2d7       6%          3
 Ice Form                 Ice/Tmut       37%        N/A       8%          4
 Silence                  Hex/Air        24%        N/A       9%          5
 Anguish                  Hex/Necr       12%        N/A       21%         4
 Cause Fear               Hex            12%        N/A       21%         4
 Manifold Assault         Tloc           24%        N/A       21%         4
 Olgreb's Toxic Radiance  Pois           24%        N/A       21%         4
 Passage of Golubria      Tloc           24%        N/A       21%         4
 Metabolic Englaciation   Hex/Ice        18%        N/A       21%         5
 Agony                    Necr           24%        N/A       47%         5
 Alistair's Intoxication  Tmut/Pois      16%        N/A       47%         5
 Blade Hands              Tmut           12%        N/A       47%         5
 Yara's Violent Unravell  Hex/Tmut       12%        3d7       47%         5
 Simulacrum               Ice/Necr       18%        N/A       71%         6
 Dispersal                Tloc           12%        N/A       95%         6
 Eringya's Noxious Bog    Tmut/Pois      12%        N/A       95%         6
 Monstrous Menagerie      Summ           36%        N/A       16%         7
 Summon Hydra             Summ           36%        N/A       16%         7
 Ozocubu's Refrigeration  Ice            25%        4d13      89%         7
 Storm Form               Tmut/Air       24%        N/A       93%         7
 Maxwell's Capacitive Co  Air            32%        ∞         96%         8
 Discord                  Hex            12%        N/A       100%        8
 Disjunction              Tloc           12%        N/A       100%        8
 Statue Form              Tmut/Erth      Unusable   N/A       N/A         6

Dungeon Overview and Level Annotations

Branches:
Dungeon (15/15)            Temple (1/1) D:7            Lair (5/5) D:8
 Shoals (4/4) Lair:2        Snake (4/4) Lair:3        Slime (5/5) Lair:5
    Orc (2/2) D:12            Elf (3/3) Orc:2        Vaults (4/5) D:13
  Crypt (0/3) Vaults:2     Depths (4/4) D:15            Zot (5/5) Depths:4
Gauntlet (visited)

Altars:
Ashenzari
Cheibriados
Dithmenos
Elyvilon
Fedhas
Gozag
Hepliaklqana
Kikubaaqudgha
Makhleb
Nemelex Xobeh
Okawaru
Qazlal
Ru
Sif Muna
Trog
Uskayaw
Vehumet
Wu Jian
Xom
Yredelemnul
Zin
The Shining One
Jiyva

Shops:
D:12 (   D:15 *   Orc:2 [::=   Elf:2 !!   Snake:3 ==   Vaults:2 [
Vaults:3 ?(((   Vaults:4 (   Depths:4 [

Portals:
Hell: Depths:1 Depths:2 Depths:3 Depths:4
Abyss: Depths:2 Depths:3 Depths:4
Pandemonium: Depths:2
Ziggurat: Depths:3

Annotations:
D:9 2 transporters, bchevrier's ghost, journeyman GnWn
Lair:2 exclusion: 3 oklob plants
Shoals:2 1 runed translucent door, lessens's ghost, adept MfBr
Elf:2 3 runed translucent doors
Elf:3 2 transporters, relicbr's ghost, adept SpDe
Zot:2 Grunn
Zot:3 3 transporters
Zot:5 1 runed translucent door, 1 exclusion, Gehih's ghost, veteran MiBe


Innate Abilities, Weirdness & Mutations

Your life essence is reduced to manifest your ancestor. (-10% HP)
You are immune to sickness and miasma.
Your stone body is resilient. (AC +19)
You are immune to poison.
Your large and strong wings let you fly.
You resist negative energy. (rN+)
You are resistant to electric shocks. (rElec)
You are resistant to unholy torment.
You are immune to petrification.
You possess an exceptional clarity of mind.
You are dopey. (Int -2)
You expend magic power (3 MP) to strengthen your wands.


Message History

NinjaNoafa blocks something's attack. x2
The cacodemon gestures at the rock wall.
Some rock shatters into small pieces.
The sixfirhy attacks as you move away! The sixfirhy barely misses you.
Something hits NinjaNoafa but does no damage.
NinjaNoafa blocks something's attack.
Something hits NinjaNoafa but does no damage.
Something barely misses NinjaNoafa.
NinjaNoafa hits the Orb Guardian with a +0 broad axe of speed!
NinjaNoafa completely misses something.
NinjaNoafa blocks the sixfirhy's attack.
The sixfirhy closely misses NinjaNoafa. x2
NinjaNoafa completely misses the sixfirhy.
There is an open door here.
NinjaNoafa completely misses the sixfirhy.
NinjaNoafa hits something but does no damage.
NinjaNoafa hits the sixfirhy with a +0 broad axe of speed!
NinjaNoafa hits something with a +0 broad axe of speed!
Some rock shatters into small pieces.
NinjaNoafa hits the sixfirhy with a +0 broad axe of speed!
NinjaNoafa hits the cacodemon with a +0 broad axe of speed!
You block the Orb Guardian's attack.
Something hits NinjaNoafa but does no damage.
NinjaNoafa blocks something's attack.
NinjaNoafa blocks the sixfirhy's attack.
NinjaNoafa closely misses the sixfirhy.
NinjaNoafa hits the hellwing but does no damage.
NinjaNoafa hits the cacodemon but does no damage.
The cacodemon hits NinjaNoafa but does no damage.
NinjaNoafa blocks the cacodemon's attack.
NinjaNoafa blocks something's attack. x2
Something hits NinjaNoafa but does no damage.
You block the Orb Guardian's attack. You block the Orb Guardian's attack.
Some rock shatters into small pieces.
There is a staircase leading out of the dungeon here.
NinjaNoafa blocks the sixfirhy's attack. x3
The sixfirhy barely misses NinjaNoafa.
NinjaNoafa misses the sixfirhy.
The Orb Guardian hits you but does no damage.
Some rock shatters into small pieces.
You have escaped!

###############)....#########..†.
............####'####......#..###
#############PP#.#PP##....##.###.
######## ##P..#.#~~P##......# #.
.......# ##PP..#.#~~~P##...#####.
.......# #PP...#.#~~~~P#...##....
.......###P....#.#~~~~P#...##....
.........#######.#######...##....
.......#.'......@......+...##....
.....#....######X######..........
.....#...#P~~~~#.#..PPP#.........
.......#.#P~~~~#.#...PP#.........
.........##P~~~#.#.PPP##.........
.....#######P~~#.#..P##.....#####
...........##PP#R#PP##......#
..........#####43.###.......#
......###.# #...2...........#


You could see the friendly NinjaNoafa the knight (fast, reflecting), an Orb
Guardian, a hellwing and a sixfirhy (distracted, ally target).

Vanquished Creatures
  the Royal Jelly (Slime:5)
  Dissolution (Slime:4)
  Mara (Snake:4)
  A juggernaut (Depths:3)
  A caustic shrike (Depths:2)
  A doom hound (Zot:1)
  Jorgrun (D:15)
  2 tentacled monstrosities (Zot:3)
  Mlioglotl (Shoals:1)
  2 walking frostbound tomes
  A walking divine tome (Depths:4)
  3 titans
  3 liches
  A quicksilver dragon (Depths:3)
  2 deep elf master archers (Elf:3)
  3 sphinxes
  9 acid blobs
  2 death cobs
  3 tengu reavers (Depths:2)
  2 storm dragons
  3 shadow dragons
  4 azure jellies (Slime:5)
  Roxanne (D:15)
  12 nagarajas
  4 rockslimes (Slime:5)
  4 fire giants
  An iron dragon (Depths:1)
  3 deep elf sorcerers (Elf:3)
  3 frost giants
  Louise (D:15)
  An angel (Depths:3)
  Aizul (Snake:1)
  4 vault wardens
  A curse skull (Vaults:2)
  2 deep elf elementalists (Elf:3)
  A cacodemon (Depths:3)
  A draconian annihilator (Depths:4)
  8 quicksilver oozes
  6 ironbound preservers
  5 stone giants
  3 ironbound thunderhulks
  A green draconian (Zot:5)
  5 very ugly things
  6 deep elf annihilators
  2 deep elf demonologists (Elf:3)
  2 spark wasps (Depths:3)
  A white draconian (Depths:4)
  Azrael (D:13)
  A yellow draconian (Zot:1)
  A purple draconian (Zot:1)
  A minotaur (Gauntlet)
  2 green deaths (Snake:3)
  5 deep elf death magi (Elf:3)
  3 ettins
  4 fire dragons
  5 merfolk impalers
  Josephine (Lair:3)
  3 great orbs of eyes
  5 yaktaur captains
  A deep elf high priest (Elf:3)
  A great orb of eyes (shapeshifter) (Elf:2)
  2 ice dragons
  3 merfolk javelineers (Shoals:4)
  A rakshasa (Depths:1)
  A peacekeeper (Vaults:4)
  4 salamander tyrants (Snake:4)
  2 vault guards
  5 hydras
  4 ironbound frosthearts
  2 merfolk aquamancers
  4 merfolk avatars
  5 boulder beetles
  2 spriggan air magi
  2 ogre magi
  12 anacondas
  3 alligator snapping turtles (Shoals:4)
  9 two-headed ogres
  2 catoblepae (Depths:1)
  3 centaur warriors (D:15)
  2 satyrs
  A hell hog (Depths:4)
  A satyr (shapeshifter) (Gauntlet)
  An alligator (shapeshifter) (Vaults:4)
  15 naga warriors
  15 dancing weapons
  6 death yaks
  5 tengu warriors (D:14)
  6 shock serpents
  6 naga sharpshooters
  2 spriggan berserkers
  4 deep elf knights
  2 hell knights
  2 iron trolls (Depths:2)
  5 salamander mystics
  A sixfirhy (Depths:1)
  A sea snake (shapeshifter) (Depths:4)
  2 skysharks
  6 deep trolls
  5 sea snakes
  2 flayed ghosts
  8 naga ritualists
  9 deep elf archers
  3 glowing orange brains
  3 lindwurms (Lair:5)
  11 deep elf zephyrmancers
  3 wizards
  An orb spider (shapeshifter) (Depths:4)
  7 harpies
  9 ironbound convokers
  2 necromancers (Depths:3)
  Pikel (D:7)
  6 mana vipers
  7 deep elf pyromancers
  A fire giant zombie (Depths:2)
  A mana viper (shapeshifter) (Depths:3)
  2 wolf spiders (Lair:5)
  13 ugly things
  2 orc sorcerers
  3 shining eyes
  5 fauns
  17 salamanders
  7 moths of wrath
  10 manticores
  37 black mambas
  4 merfolk sirens
  3 elephants
  12 cyclopes
  A nameless horror (Depths:4)
  6 guardian serpents
  A moth of wrath (shapeshifter) (D:15)
  2 water nymphs (Shoals:4)
  11 naga magi
  A smoke demon (Depths:4)
  3 vault sentinels
  15 cane toads
  2 torpor snails
  An eye of devastation (shapeshifter) (Vaults:4)
  A hellion (Depths:4)
  5 rime drakes
  2 unseen horrors (D:11)
  10 yaktaurs
  A kobold demonologist (D:11)
  2 efreet (D:15)
  6 komodo dragons
  A tengu conjurer (D:13)
  8 merfolk
  5 polar bears
  A queen bee (Lair:2)
  9 trolls
  16 blink frogs
  A snapping turtle (shapeshifter) (Depths:3)
  4 hornets
  A dream sheep (shapeshifter) (Gauntlet)
  2 snapping turtles (Shoals:4)
  26 dream sheep
  A centaur simulacrum (D:15)
  A shadow (D:9)
  33 slime creatures
  8 wraiths
  12 wyverns
  A water elemental (Elf:1)
  3 basilisks
  33 yaks
  An air elemental (Elf:3)
  2 spriggans
  A golden eye (shapeshifter) (Elf:2)
  5 golden eyes
  4 fire elementals
  3 fire bats (Gauntlet)
  2 redbacks (Lair:5)
  A steam dragon (D:8)
  10 vampire mosquitoes
  2 swamp worms (Gauntlet)
  31 nagas
  A glowing shapeshifter skeleton (Depths:2)
  An ogre skeleton (Vaults:4)
  11 orc warriors
  34 water moccasins
  A hell hound (D:13)
  2 ice beasts
  2 black bears (D:5)
  A boggart (Vaults:1)
  8 centaurs
  22 wolves
  19 ogres
  2 kobold brigands
  9 bullfrogs
  2 scorpions
  4 gnoll sergeants
  5 wights
  10 earth elementals
  31 killer bees
  2 howler monkeys
  An electric eel (Elf:3)
  8 orc priests (Orc:2)
  5 gnoll boudas
  8 hounds
  2 hell rats
  5 iguanas
  8 orc wizards
  5 adders
  45 gnolls
  A river rat (D:8)
  A shadow imp (D:7)
  A howler monkey simulacrum (D:10)
  6 white imps
  2 worms
  46 orcs
  3 ball pythons
  10 bats
  2 endoplasms
  5 giant cockroaches
  6 goblins
  8 hobgoblins
  15 jackals
  15 kobolds
  3 quokkas
  2 frilled lizards
  4 rats
  2 bushes (Lair:5)
1188 creatures vanquished.

Vanquished Creatures (collateral kills)
  2 ancient liches (Zot:5)
  Bai Suzhen (Snake:4)
  Margery (Depths:3)
  5 caustic shrikes
  Xtahua (Depths:3)
  5 golden dragons
  Nikola (Elf:1)
  5 tentacled monstrosities
  3 liches
  7 Orb Guardians (Zot:5)
  A walking divine tome (Depths:2)
  A titan (Depths:3)
  2 deep elf blademasters (Elf:3)
  A deep elf master archer (Elf:3)
  2 quicksilver dragons (Zot:1)
  A death cob (Zot:3)
  8 acid blobs
  2 storm dragons
  4 sphinxes
  4 shadow dragons
  4 rockslimes
  A revenant (Vaults:2)
  A tengu reaver (Depths:3)
  An azure jelly (Slime:1)
  An iron dragon (Depths:4)
  2 frost giants
  2 nagarajas (Snake:4)
  8 vault wardens
  5 fire giants
  4 deep elf sorcerers
  A draconian knight (Zot:5)
  A deep elf elementalist (Elf:3)
  2 balrugs
  A draconian shifter (Depths:4)
  11 very ugly things
  2 demonspawn blood saints (D:12)
  8 ironbound preservers
  3 spriggan defenders
  3 quicksilver oozes
  3 stone giants
  4 ironbound thunderhulks
  A red draconian (Depths:4)
  2 deep elf annihilators (Elf:3)
  4 dire elephants
  2 black draconians (Depths:4)
  2 deep elf demonologists
  A purple draconian (Depths:4)
  A white draconian (Depths:4)
  2 yellow draconians
  2 green draconians (Zot:5)
  A blizzard demon (D:12)
  3 deep elf death magi
  3 merfolk impalers (Shoals:4)
  A crystal guardian (Vaults:4)
  A merfolk javelineer (Shoals:3)
  3 ettins
  A jiangshi (Vaults:2)
  4 fire dragons
  3 deep elf high priests (Elf:3)
  3 rakshasas
  6 great orbs of eyes
  5 ice dragons
  A salamander tyrant (Snake:3)
  5 yaktaur captains
  5 vault guards
  2 alligator snapping turtles (Shoals:4)
  An ogre mage (Orc:2)
  A merfolk avatar (Shoals:4)
  2 spriggan air magi (Depths:2)
  3 catoblepae (Lair:5)
  6 ironbound frosthearts
  A merfolk aquamancer (Shoals:4)
  4 two-headed ogres
  2 anacondas (Snake:4)
  A boulder beetle (D:13)
  A satyr (Shoals:4)
  3 centaur warriors (Vaults:1)
  10 dancing weapons
  3 deep troll earth magi
  5 naga warriors
  2 spriggan berserkers
  2 naga sharpshooters
  2 shock serpents
  A hell knight (Depths:3)
  2 sun demons (Depths:2)
  12 deep elf knights
  A soul eater (Depths:4)
  4 sea snakes (Shoals:4)
  A fire crab (Gauntlet)
  3 glowing orange brains
  A sixfirhy (Depths:3)
  A skyshark (Shoals:1)
  18 deep trolls
  A kraken simulacrum (Shoals:4)
  2 flayed ghosts
  13 deep elf archers
  2 naga ritualists
  6 lindwurms
  9 ironbound convokers
  An obsidian statue (Vaults:4)
  5 wizards
  2 necromancers
  6 harpies
  13 deep elf zephyrmancers
  5 manticores
  22 ugly things
  15 deep elf pyromancers
  An orc knight (Orc:1)
  5 salamanders
  7 fauns
  2 shining eyes
  A stone giant zombie (Vaults:4)
  2 cyclopes
  An elephant (Lair:5)
  5 moths of wrath
  7 nameless horrors
  6 merfolk sirens
  2 guardian serpents (Snake:4)
  An eye of devastation (Slime:5)
  11 vault sentinels
  11 black mambas
  A water nymph (Shoals:4)
  A gargoyle (D:14)
  7 naga magi
  Joseph (D:8)
  A torpor snail (Lair:5)
  5 cane toads
  A smoke demon (Depths:4)
  2 orange demons (Depths:3)
  A freezing wraith (D:15)
  2 komodo dragons
  An efreet (D:14)
  2 tengu conjurers
  A rime drake (Lair:2)
  21 yaktaurs
  A human skeleton (Vaults:4)
  A red devil (D:12)
  15 merfolk
  2 trolls
  2 hornets
  A snapping turtle (shapeshifter) (Elf:2)
  A wind drake (Shoals:4)
  2 blink frogs
  An ettin zombie (Depths:2)
  4 dream sheep
  8 snapping turtles
  27 slime creatures
  3 wraiths
  2 spriggans
  3 water elementals
  A shadow (D:9)
  3 wyverns (Lair:5)
  12 yaks
  A vampire (D:11)
  2 fire elementals
  3 basilisks
  A fire bat (Gauntlet)
  6 golden eyes
  A vampire mosquito (D:14)
  9 nagas
  5 water moccasins
  3 orc warriors
  2 human zombies (Vaults:4)
  6 ogres
  5 wolves
  2 centaurs
  A lemure (D:8)
  A bullfrog (D:9)
  An earth elemental (Elf:2)
  A wight (D:10)
  6 killer bees (Lair:2)
  2 orc priests
  3 orc wizards
  A mummy (D:10)
  2 gnolls
  A river rat (Lair:2)
  6 orcs
  A rat (D:8)
  4 foxfires
  A tentacle (Shoals:4)
659 creatures vanquished.

Vanquished Creatures (others)
  A wizard (Vaults:4)
  A deep elf archer (Elf:2)
  2 deep elf pyromancers
  2 yaktaurs
  A merfolk (Shoals:4)
  A killer bee (Lair:2)
  43 knights
  4 ancestors
  1022 foxfires
  36 fungi
  88 plants
  7 tentacles (Shoals:4)
1208 creatures vanquished.

Grand Total: 3055 creatures vanquished

Notes
Turn   | Place    | Note
-------+----------+-------------------------------------------
     0 | D:1      | Valamore the Gargoyle Fire Elementalist began the quest for
                  | the Orb.
     0 | D:1      | Reached XP level 1. HP: 10/10 MP: 3/3
   192 | D:1      | Reached XP level 2. HP: 13/15 MP: 0/5
   800 | D:2      | Learned a level 2 spell: Scorch
   878 | D:2      | Reached XP level 3. HP: 19/19 MP: 0/6
  1643 | D:3      | Reached XP level 4. HP: 24/24 MP: 1/8
  2277 | D:4      | Found an opulent altar of Gozag.
  2313 | D:4      | Noticed a scorpion
  2331 | D:4      | Killed a scorpion
  2332 | D:4      | Reached skill level 4 in Fire Magic
  2332 | D:4      | Reached XP level 5. HP: 24/28 MP: 1/9
  3005 | D:5      | Entered Level 5 of the Dungeon
  3014 | D:5      | Noticed an ogre
  3020 | D:5      | Killed an ogre
  3021 | D:5      | Reached XP level 6. HP: 32/32 MP: 2/11
  3273 | D:5      | Noticed a black bear
  3278 | D:5      | Reached skill level 5 in Fire Magic
  3278 | D:5      | Reached XP level 7. HP: 8/36 MP: 6/13
  3279 | D:5      | Reached skill level 5 in Conjurations
  3910 | D:5      | Reached skill level 6 in Fire Magic
  4108 | D:5      | Reached XP level 8. HP: 29/41 MP: 5/14
  4461 | D:5      | Reached skill level 1 in Fighting
  5414 | D:6      | Learned a level 3 spell: Stone Arrow
  5562 | D:6      | Reached skill level 7 in Fire Magic
  5820 | D:6      | Reached XP level 9. HP: 51/51 MP: 10/16
  6044 | D:6      | Reached skill level 5 in Spellcasting
  6084 | D:6      | Identified the +1 leather armour of Gallantry {rElec rF+
                  | Str+3}
  6300 | D:7      | Found a blossoming altar of Fedhas.
  6484 | D:7      | Found a staircase to the Ecumenical Temple.
  6642 | Temple   | Entered the Ecumenical Temple
  6969 | Temple   | Became a worshipper of Hepliaklqana the Forgotten
  7954 | D:8      | Reached * piety under Hepliaklqana
  8095 | D:8      | Noticed a death yak
  8115 | D:8      | Noticed a death yak
  8222 | D:7      | Reached skill level 8 in Fire Magic
  8439 | D:8      | Reached skill level 5 in Fighting
  8630 | D:8      | Noticed Pikel
  8661 | D:7      | Killed Pikel
  8746 | D:8      | Found a staircase to the Lair.
  8747 | D:8      | Noticed Joseph
  8751 | D:8      | Noticed a death yak
  8757 | D:8      | Killed Joseph
  8758 | D:8      | Reached XP level 10. HP: 46/54 MP: 5/20
  8780 | D:8      | Killed a death yak
  8786 | D:8      | Killed a death yak
  8787 | D:8      | Reached skill level 5 in Earth Magic
  9453 | D:9      | Found a transporter.
  9691 | D:9      | Reached ** piety under Hepliaklqana
  9692 | D:9      | Remembered your ancestor NinjaNoafa as a knight
  9978 | D:9      | Noticed a catoblepas
  9984 | D:9      | Noticed bchevrier's ghost (journeyman GnWn)
 10009 | D:9      | Noticed a moth of wrath
 10202 | D:9      | Found a transporter.
 10473 | D:10     | Entered Level 10 of the Dungeon
 10588 | D:10     | Reached XP level 11. HP: 57/60 MP: 3/23
 10977 | D:9      | HP: 2/60 [polar bear (13)]
 11460 | D:10     | Reached *** piety under Hepliaklqana
 11615 | D:10     | Reached skill level 10 in Spellcasting
 11791 | D:10     | Reached skill level 1 in Armour
 11984 | D:10     | Found a snail-covered altar of Cheibriados.
 12087 | D:10     | Noticed a two-headed ogre
 12091 | D:10     | Killed a two-headed ogre
 12611 | D:11     | Identified the +0 helmet of the Journeyman {rElec rN+}
 12911 | D:11     | Noticed a cyclops
 12916 | D:11     | Killed a cyclops
 13175 | Lair:1   | Entered Level 1 of the Lair of Beasts
 13535 | Lair:1   | Reached skill level 5 in Armour
 13673 | Lair:1   | Reached **** piety under Hepliaklqana
 13750 | Lair:1   | Reached XP level 12. HP: 64/64 MP: 16/26
 14120 | Lair:1   | Reached skill level 5 in Dodging
 14531 | Lair:1   | Identified a scroll of acquirement
 14531 | Lair:1   | Acquired the +1 helmet "Forget-Me-Not" {Regen+ Int+5}
 14959 | Lair:2   | Noticed a seven-headed hydra
 14965 | Lair:2   | Killed a seven-headed hydra
 15081 | Lair:2   | Identified the +8 mace of Oenomania {pain, rC+ SInv}
 15385 | Lair:2   | Reached skill level 1 in Shields
 16502 | Lair:2   | Reached XP level 13. HP: 68/71 MP: 6/27
 16848 | Lair:2   | Found a staircase to the Shoals.
 17077 | Lair:3   | Found a gate leading to a gauntlet.
 17089 | Lair:3   | Noticed Josephine
 17098 | Lair:3   | Killed Josephine
 17099 | Lair:3   | Reached skill level 5 in Shields
 17154 | Gauntlet | Entered a Gauntlet
 17154 | Gauntlet | Found a transporter.
 17154 | Gauntlet | Reached ***** piety under Hepliaklqana
 17237 | Gauntlet | Found a transporter.
 17248 | Gauntlet | Found a transporter.
 17251 | Gauntlet | Found a transporter.
 17261 | Gauntlet | Found a transporter.
 17277 | Gauntlet | Found a transporter.
 17288 | Gauntlet | Found a transporter.
 17295 | Gauntlet | Found a transporter.
 17297 | Gauntlet | a wolf spider changed into an ettin
 17297 | Gauntlet | Noticed an ettin (glowing shapeshifter)
 17304 | Gauntlet | an ettin changed into an orb spider
 17312 | Gauntlet | Found a transporter.
 17327 | Gauntlet | Found a transporter.
 17329 | Gauntlet | Found a transporter.
 17336 | Gauntlet | Found a transporter.
 17337 | Gauntlet | Found a transporter.
 17339 | Gauntlet | Found a transporter.
 17358 | Gauntlet | Noticed a fire dragon
 17359 | Gauntlet | a fire dragon changed into a jorogumo
 17363 | Gauntlet | Noticed an entropy weaver
 17363 | Gauntlet | a jorogumo changed into a great orb of eyes
 17363 | Gauntlet | Noticed a great orb of eyes (glowing shapeshifter)
 17368 | Gauntlet | a great orb of eyes changed into a bunyip
 17368 | Gauntlet | Noticed a bunyip (glowing shapeshifter)
 17382 | Gauntlet | a bunyip changed into a radroach
 17580 | Gauntlet | a jorogumo changed into a spark wasp
 17580 | Gauntlet | Noticed a spark wasp (glowing shapeshifter)
 17582 | Gauntlet | a spark wasp changed into a jorogumo
 17584 | Gauntlet | a jorogumo changed into a ghost moth
 17584 | Gauntlet | Noticed a ghost moth (glowing shapeshifter)
 17589 | Gauntlet | a ghost moth changed into a jorogumo
 17606 | Gauntlet | a tyrant leech changed into an ettin
 17606 | Gauntlet | Noticed an ettin (glowing shapeshifter)
 17608 | Gauntlet | an ettin changed into a satyr
 17612 | Gauntlet | Identified the amulet "Siroju" {RegenMP rC+}
 17787 | Gauntlet | Learned a level 3 spell: Mephitic Cloud
 17821 | Gauntlet | Identified the +4 mace "Pabaeh" {flame, rPois rC- rN+++
                  | Dex+2}
 17821 | Gauntlet | Noticed a minotaur
 17826 | Gauntlet | Killed a minotaur
 17941 | Lair:3   | Reached skill level 10 in Fighting
 18243 | Lair:3   | Found a staircase to the Snake Pit.
 18740 | Lair:4   | Learned a level 4 spell: Flame Wave
 19705 | Lair:5   | Entered Level 5 of the Lair of Beasts
 19707 | Lair:5   | Found a staircase to the Slime Pits.
 19715 | Lair:5   | Gained mutation: Your large and strong wings let you fly.
                  | [Gargoyle growth]
 19715 | Lair:5   | Reached XP level 14. HP: 79/79 MP: 30/31
 20228 | Lair:5   | Reached skill level 15 in Spellcasting
 21024 | Lair:5   | Reached XP level 15. HP: 54/86 MP: 32/34
 21745 | D:12     | Found Seakh's Weapon Boutique.
 21747 | D:12     | Found a staircase to the Orcish Mines.
 21983 | D:12     | Reached ****** piety under Hepliaklqana
 22725 | D:13     | Found a gate to the Vaults.
 23000 | D:13     | Noticed Azrael
 23008 | D:13     | Killed Azrael
 23411 | D:14     | Found a blossoming altar of Fedhas.
 24206 | D:15     | Entered Level 15 of the Dungeon
 24370 | D:15     | Noticed Roxanne
 24388 | D:15     | Killed Roxanne
 24481 | D:15     | Noticed Louise
 24516 | D:15     | Killed Louise
 24698 | D:15     | Reached XP level 16. HP: 96/96 MP: 4/37
 25017 | Orc:1    | Entered Level 1 of the Orcish Mines
 25107 | Orc:1    | Learned a level 5 spell: Freezing Cloud
 25122 | Orc:1    | Learned a level 4 spell: Summon Lightning Spire
 25127 | Orc:2    | Entered Level 2 of the Orcish Mines
 25192 | Orc:2    | Reached skill level 1 in Air Magic
 25329 | Orc:2    | Reached skill level 15 in Fighting
 25596 | Orc:2    | Found Epuwnisch's Armour Boutique.
 25608 | Orc:2    | Found Amioh's Book Shoppe.
 25613 | Orc:2    | Found Hawkuvec's Book Shop.
 25614 | Orc:2    | Found Valloopn's Jewellery Boutique.
 25763 | Orc:2    | Found a staircase to the Elven Halls.
 26165 | Orc:2    | Bought a book of Blasting for 560 gold pieces
 26171 | Orc:2    | Bought the Handbook of Igneous Confrontation for 672 gold
                  | pieces
 26176 | Orc:2    | Learned a level 4 spell: Iskenderun's Mystic Blast
 26391 | Snake:1  | Entered Level 1 of the Snake Pit
 26428 | Snake:1  | Noticed Aizul
 26440 | Snake:1  | Killed Aizul
 26707 | Snake:1  | Reached skill level 1 in Summonings
 27063 | Snake:1  | Identified the +7 great mace "Jefu Efea" {flame, rElec rC-
                  | SInv Stlth+}
 28085 | Snake:2  | Reached skill level 5 in Air Magic
 28197 | Snake:2  | Reached XP level 17. HP: 101/101 MP: 29/39
 28998 | Snake:3  | Reached skill level 10 in Conjurations
 29084 | Snake:3  | Found Sozisoitz's One-of-a-Kind Rings.
 29142 | Snake:3  | Reached skill level 5 in Summonings
 29150 | Snake:3  | Learned a level 7 spell: Spellforged Servitor
 29772 | Snake:3  | Found Pidiolec's Jewellery Emporium.
 29961 | Snake:3  | Found a runed translucent door.
 30339 | Snake:4  | Entered Level 4 of the Snake Pit
 30792 | Snake:4  | Noticed Mara
 30797 | Snake:4  | Noticed Valamore's illusion
 30919 | Snake:4  | Reached XP level 18. HP: 107/107 MP: 25/40
 31077 | Snake:4  | Noticed Bai Suzhen
 31092 | Snake:4  | Killed Bai Suzhen
 31206 | Snake:4  | Noticed Valamore's illusion
 31383 | Snake:4  | Reached skill level 1 in Ice Magic
 31579 | Snake:4  | Noticed Valamore's illusion
 31585 | Snake:4  | Killed Mara
 31814 | Snake:4  | Reached skill level 10 in Summonings
 31834 | Snake:4  | Got a serpentine rune of Zot
 32093 | Shoals:1 | Entered Level 1 of the Shoals
 32121 | Shoals:1 | Learned a level 8 spell: Lehudib's Crystal Spear
 32216 | Shoals:1 | Noticed Mlioglotl
 32224 | Shoals:1 | Reached skill level 5 in Ice Magic
 32227 | Shoals:1 | Killed Mlioglotl
 33379 | Shoals:2 | Found a runed translucent door.
 33379 | Shoals:2 | Noticed lessens's ghost (adept MfBr)
 34341 | Shoals:3 | Reached XP level 19. HP: 75/111 MP: 18/41
 34531 | Shoals:3 | Identified the +1 leather armour "Enujefy" {+Inv rN+ Dex-3}
 34764 | Shoals:4 | Entered Level 4 of the Shoals
 34905 | Shoals:4 | Reached skill level 10 in Earth Magic
 35665 | Shoals:4 | Got a barnacled rune of Zot
 36296 | Shoals:4 | Identified the +0 robe of Denn {Contam rN+ rCorr Str+4}
 36624 | Vaults:1 | Entered Level 1 of the Vaults
 37071 | Vaults:1 | Reached skill level 9 in Fire Magic
 37545 | Vaults:1 | Reached skill level 10 in Fire Magic
 37713 | Vaults:1 | Reached XP level 20. HP: 117/117 MP: 33/42
 38404 | Vaults:2 | Found a staircase to the Crypt.
 38520 | Vaults:2 | Reached skill level 11 in Fire Magic
 38746 | Vaults:2 | Found Raseily's Armour Shoppe.
 39519 | Vaults:3 | Found Degargh's Magic Scroll Boutique.
 39523 | Vaults:3 | Bought a scroll of poison for 52 gold pieces
 39523 | Vaults:3 | Bought a scroll of immolation for 52 gold pieces
 39684 | Vaults:3 | Reached skill level 12 in Fire Magic
 40003 | Vaults:3 | Learned a level 8 spell: Ignition
 40126 | Vaults:3 | Found Jiedem's Weapon Shoppe.
 40194 | Vaults:3 | Found Roiqocee's Antique Weapon Boutique.
 40261 | Vaults:3 | Bought a fading hand axe for 248 gold pieces
 40261 | Vaults:3 | Identified the +0 hand axe of Woliado {freeze, rElec Dex+2}
                  | (You bought it in a shop on level 3 of the Vaults)
 40261 | Vaults:3 | Bought a twisted rapier for 279 gold pieces
 40261 | Vaults:3 | Identified the +7 rapier "Ramog" {flame, rPois Str-3 Dex+8}
                  | (You bought it in a shop on level 3 of the Vaults)
 40290 | Vaults:3 | Identified the +3 chain mail of Omieggyish {Harm}
 40422 | Vaults:3 | Reached skill level 13 in Fire Magic
 40657 | Vaults:3 | Found Pureklik's Antique Weapon Shop.
 41246 | Vaults:4 | Found Laxeg's Weapon Shop.
 41346 | Vaults:4 | Reached skill level 14 in Fire Magic
 41503 | Vaults:4 | Reached XP level 21. HP: 125/125 MP: 28/43
 42446 | Vaults:4 | Reached skill level 15 in Fire Magic
 42975 | Elf:1    | Entered Level 1 of the Elven Halls
 43002 | Elf:1    | Found a radiant altar of Vehumet.
 43562 | Elf:1    | Identified the +0 robe of Quick Music {Harm Regen+ Int+4}
 43569 | Elf:1    | Noticed Nikola
 43583 | Elf:1    | Killed Nikola
 43584 | Elf:1    | Reached skill level 16 in Fire Magic
 44743 | Elf:2    | Reached skill level 17 in Fire Magic
 45048 | Elf:2    | Found Illus's Distillery.
 45054 | Elf:2    | Bought a potion of resistance for 160 gold pieces
 45054 | Elf:2    | Bought a potion of invisibility for 128 gold pieces
 45054 | Elf:2    | Bought a potion of brilliance for 64 gold pieces
 45054 | Elf:2    | Bought a potion of curing for 48 gold pieces
 45054 | Elf:2    | Bought a potion of invisibility for 128 gold pieces
 45054 | Elf:2    | Bought a potion of brilliance for 64 gold pieces
 45063 | Elf:2    | Found Kyfau's Distillery.
 45130 | Elf:2    | Bought a potion of heal wounds for 70 gold pieces
 45130 | Elf:2    | Bought a potion of heal wounds for 70 gold pieces
 45272 | Elf:2    | Found a runed translucent gate.
 45273 | Elf:2    | Found a runed translucent gate.
 45273 | Elf:2    | Found a runed translucent gate.
 45390 | Elf:3    | Entered Level 3 of the Elven Halls
 45647 | Elf:3    | Reached XP level 22. HP: 132/132 MP: 36/44
 45760 | Elf:3    | Reached skill level 15 in Earth Magic
 45812 | Elf:3    | Reached skill level 1 in Invocations
 46114 | Elf:3    | Identified the +6 flail of the Ornamental God {protect, rF+
                  | Str+5 SInv}
 46120 | Elf:3    | Reached skill level 5 in Invocations
 46201 | Elf:3    | Identified the ring "Eschu Bedgh" {Wiz rCorr}
 46272 | Elf:3    | Identified the +0 long sword of Cizoygg {drain, Dex+2}
 46293 | Elf:3    | Identified the +2 arbalest of Comostre {antimagic, rElec
                  | rPois Str+3}
 46460 | Elf:3    | Found a bloodstained altar of Trog.
 46460 | Elf:3    | Found a transporter.
 46460 | Elf:3    | Noticed relicbr's ghost (adept SpDe)
 46720 | Elf:3    | Found a transporter.
 47284 | Slime:1  | Entered Level 1 of the Pits of Slime
 47350 | Slime:3  | Reached skill level 18 in Fire Magic
 47429 | Slime:4  | Noticed Dissolution
 47433 | Slime:4  | Killed Dissolution
 47800 | Slime:5  | Entered Level 5 of the Pits of Slime
 47822 | Slime:5  | Gained mutation: You occasionally shout uncontrollably at
                  | your foes. [a shining eye]
 47825 | Slime:5  | Gained mutation: You occasionally lose the ability to read
                  | scrolls when taking damage. [a shining eye]
 47870 | Slime:4  | Lost mutation: You occasionally shout uncontrollably at
                  | your foes. [potion of mutation]
 47870 | Slime:4  | Lost mutation: You occasionally lose the ability to read
                  | scrolls when taking damage. [potion of mutation]
 47870 | Slime:4  | Gained mutation: Your spells are a little easier to cast,
                  | but a little less powerful. [potion of mutation]
 47870 | Slime:4  | Gained mutation: You are frail. (-10% HP) [potion of
                  | mutation]
 47871 | Slime:4  | Lost mutation: Your spells are a little easier to cast, but
                  | a little less powerful. [potion of mutation]
 47871 | Slime:4  | Lost mutation: You are frail. (-10% HP) [potion of
                  | mutation]
 47871 | Slime:4  | Gained mutation: Your magical capacity is low. (-10% MP)
                  | [potion of mutation]
 47871 | Slime:4  | Gained mutation: You have hidden genetic defects. [potion
                  | of mutation]
 47872 | Slime:4  | Lost mutation: Your magical capacity is low. (-10% MP)
                  | [potion of mutation]
 47872 | Slime:4  | Lost mutation: You have hidden genetic defects. [potion of
                  | mutation]
 47872 | Slime:4  | Gained mutation: You possess an exceptional clarity of
                  | mind. [potion of mutation]
 47872 | Slime:4  | Gained mutation: You expend magic power (3 MP) to
                  | strengthen your wands. [potion of mutation]
 47872 | Slime:4  | Gained mutation: You are dopey. (Int -2) [potion of
                  | mutation]
 48039 | Slime:5  | Found a viscous altar of Jiyva.
 48149 | Slime:5  | Noticed the Royal Jelly
 48158 | Slime:5  | Killed the Royal Jelly
 48271 | Slime:5  | Reached skill level 19 in Fire Magic
 48466 | Slime:5  | Got a slimy rune of Zot
 49356 | D:15     | Found a staircase to the Depths.
 49360 | D:15     | Reached XP level 23. HP: 136/136 MP: 32/45
 49460 | D:15     | Noticed Jorgrun
 49462 | D:15     | Found Catiett's Overcharged Wands.
 49470 | D:15     | Killed Jorgrun
 49733 | Depths:1 | Entered Level 1 of the Depths
 50262 | Depths:1 | Found a gateway to Hell.
 50286 | Depths:1 | Found the +7 Spriggan's Knife {stab, EV+4 Stlth+}
 50773 | Depths:2 | Found a one-way gate leading to the halls of Pandemonium.
 50872 | Depths:2 | Noticed a caustic shrike
 50999 | Depths:2 | Killed a caustic shrike
 51125 | Depths:2 | Noticed a golden dragon
 51135 | Depths:2 | Killed a golden dragon
 51224 | Depths:2 | Noticed a golden dragon
 51234 | Depths:2 | Killed a golden dragon
 51329 | Depths:2 | Reached skill level 20 in Fire Magic
 51349 | Depths:2 | Learned a level 5 spell: Borgnjor's Vile Clutch
 51507 | Depths:2 | Noticed a caustic shrike
 51515 | Depths:2 | Killed a caustic shrike
 51716 | Depths:2 | Reached skill level 21 in Fire Magic
 52058 | Depths:2 | Found a one-way gate to the infinite horrors of the Abyss.
 52511 | Depths:3 | Noticed Margery
 52520 | Depths:3 | Killed Margery
 52617 | Depths:3 | Noticed Xtahua
 52624 | Depths:3 | Killed Xtahua
 52915 | Depths:3 | Reached XP level 24. HP: 133/141 MP: 18/45
 52918 | Depths:3 | Reached skill level 22 in Fire Magic
 53122 | Depths:3 | Found a one-way gateway to a ziggurat.
 53453 | Depths:3 | Noticed a juggernaut
 53468 | Depths:3 | Killed a juggernaut
 53525 | Depths:3 | Identified the +0 morningstar "Sashal" {flame, Fragile Fly
                  | Dex+2}
 53646 | Depths:4 | Entered Level 4 of the Depths
 53717 | Depths:4 | Found a sparkling altar of Nemelex Xobeh.
 53815 | Depths:4 | Noticed a caustic shrike
 53819 | Depths:4 | Noticed a caustic shrike
 53820 | Depths:4 | Noticed a caustic shrike
 53820 | Depths:4 | Noticed a caustic shrike
 53823 | Depths:4 | Killed a caustic shrike
 53826 | Depths:4 | Killed a caustic shrike
 53828 | Depths:4 | Killed a caustic shrike
 53831 | Depths:4 | Killed a caustic shrike
 54417 | Depths:4 | Found a gate to the Realm of Zot.
 54572 | Depths:4 | Got Gikuyrr's Atlas of the Vexing Map
 54575 | Depths:4 | Identified the +6 rapier of Hacking and Slashing {flame,
                  | MP+9 Int+2 Stlth-}
 54599 | Depths:4 | Found Umyq's Armour Boutique.
 54651 | Depths:4 | Bought the +3 pair of mountain boots {steadfast, rC+} for
                  | 670 gold pieces
 54651 | Depths:4 | Found the +3 pair of mountain boots {steadfast, rC+}
 55224 | Zot:1    | Entered Level 1 of the Realm of Zot
 55507 | Zot:2    | Noticed Grunn
 55744 | Zot:3    | Found a transporter.
 55792 | Zot:3    | Found a transporter.
 55817 | Zot:3    | Found a transporter.
 55846 | Zot:5    | Entered Level 5 of the Realm of Zot
 55939 | Zot:5    | Found a runed translucent door.
 55972 | Zot:5    | Noticed Gehih's ghost (veteran MiBe)
 56323 | Zot:5    | Noticed an ancient lich
 56333 | Zot:5    | Killed an ancient lich
 56337 | Zot:5    | Reached XP level 25. HP: 141/147 MP: 22/45
 56383 | Zot:5    | Noticed an ancient lich
 56389 | Zot:5    | Killed an ancient lich
 56402 | Zot:5    | Noticed an ancient lich
 56402 | Zot:5    | Noticed an ancient lich
 56402 | Zot:5    | Noticed an ancient lich
 56402 | Zot:5    | Noticed a Killer Klown
 56403 | Zot:5    | Noticed an orb of fire
 56408 | Zot:5    | Got the Orb of Zot
 56658 | Depths:2 | Noticed Guipus the pandemonium lord
 56873 | D:12     | Reached skill level 15 in Conjurations
 57064 | D:$      | Escaped with the Orb!

Illustrated notes

Levels and vault maps discovered:
D:1:      psy_arrival_terrarium, layout_rooms
D:2:      layout_rooms
D:3:      layout_rooms
D:4:      layout_basic, grunt_gozag_breadcrumbs
D:5:      lemuel_castle_with_subvaults [lemuel_castle_interior_carwin_3],
          layout_rooms
D:6:      layout_basic, kennysheep_cross_room
D:7:      layout_layer_cave, mainiacjoe_overflow_tiny_flanked,
          minmay_temple_entry_glassed_door
D:8:      layout_gridville, dpeg_lair_monsters, kennysheep_generic_room_15,
          uniq_pikel, uniq_joseph
D:9:      layout_basic, gammafunk_ghost_berserking_beasts,
          chequers_serial_rivers_marsh
D:10:     layout_rooms, slow_altar_2, serial_ice, serial_ice_e, serial_ice_c,
          serial_ice_h, serial_ice_j, enter_bailey_5
D:11:     layout_basic
D:12:     layout_irregular_city, orc_david_3, minmay_misc_feat_more_columns
D:13:     layout_long_grid, skrybe_vaults_entry_preservation, uniq_azrael
D:14:     layout_cave_pods, fedhas_altar_3
D:15:     gammafunk_enter_depths_forms, layout_loops_ring,
          hangedman_decor_riveting, nicolae_shop_overcharged_wands,
          uniq_roxanne, uniq_louise, uniq_jorgrun
Temple:   compressed_dpeg_triangle_lava_temple
Lair:1:   layout_regular_city
Lair:2:   hangedman_what_comes_after_a, layout_big_grid,
          minmay_shoals_entry_centaurs, lemuel_fruit_tree
Lair:3:   layout_loops_ring, minmay_snake_entry_guardpost_medium,
          gauntlet_entry_generic, minivault_25, uniq_josephine
Lair:4:   layout_regular_city, grunt_megastairs_2
Lair:5:   hangedman_lair_tendril_chambers, layout_cave_shapes,
          hangedman_lair_in_review, dpeg_slime_entry_corner
Shoals:1: layout_shoals, uniq_mlioglotl
Shoals:2: layout_shoals, ebering_ghost_inner_flame
Shoals:3: layout_shoals, nicolae_shoals_flooded_hall
Shoals:4: shoals_end_grunt_ice, layout_shoals
Snake:1:  layout_honeycomb, uniq_aizul
Snake:2:  layout_onion_interference, grunt_ministairs_5, grunt_megastairs_3
Snake:3:  cheibrodos_toxic_ritual, layout_concentric_octagons, serial_shops,
          shop, nicolae_shop_unique_rings
Snake:4:  grunt_snake_rune_spirals, layout_onion_interference,
          nicolae_fountain_basement, uniq_bai_suzhen, uniq_mara
Slime:1:  layout_caves
Slime:2:  layout_caves, cheibrodos_slime_lost_civilization_4
Slime:3:  layout_caves
Slime:4:  layout_caves, dissolution_awaits
Slime:5
Orc:1:    layout_caves, special_room [special_room_orc]
Orc:2:    st_orc_open, layout_caves, basic_altar
Elf:1:    eino_elf_arrival_altar, layout_onion_city, minivault_28,
          dreamdust_mushroom_princess, uniq_nikola
Elf:2:    nicolae_elf_blades_crystal_corner, layout_loops_cross, serial_shops,
          nicolae_shop_crystal, minmay_shop_star, uniq_zenata
Elf:3:    minmay_elf_hall_furrowed, layout_geoelf_castle,
          gammafunk_ghost_wrathful_warriors, drop_trap
Vaults:1: vaults_mumra_minichess_inversion, dpeg_vaults_monster_box, v_misc_27,
          grunt_vaults_focal, v_pattern_5, hangedman_vaults_stagger,
          vaults_dpeg_emergency_exit, v_misc_23,
          ontoclasm_vaults_loading_screen, grunt_vaults_hallway_long,
          hangedman_vaults_impose, layout_vaults_omnicross
Vaults:2: v_misc_27, nicolae_vaults_circle_grid_b,
          minmay_crypt_entry_simple_plaza, ontoclasm_vaults_chip, v_misc_1,
          serial_ice_m, v_alt_pattern_6, hangedman_vaults_corner_blocks,
          layout_vaults_omnigrid, serial_shops, nicolae_shop_waterfront
Vaults:3: vaults_room_grid, v_misc_9, v_misc_28,
          vaults_room_grunt_arrival_checkpoint, nicolae_vaults_specimen_jars,
          st_smaller_cells, v_rooms_5, nicolae_vaults_network_star, v_misc_32,
          layout_vaults_ring, serial_shops, nicolae_lakefront_shop, shop,
          nicolae_shop_statue_plus, shop
Vaults:4: nicolae_vaults_network_s, hangedman_vaults_capsules,
          nicolae_vaults_little_squares_5, nicolae_vaults_network_quincunx
          [nicolae_vaults_network_quincunx_subvault,
          nicolae_vaults_network_quincunx_subvault,
          nicolae_vaults_network_quincunx_subvault,
          nicolae_vaults_network_quincunx_subvault,
          nicolae_vaults_network_quincunx_subvault], v_misc_22,
          ontoclasm_vaults_ring_square, vaults_mumra_lcd,
          nicolae_vaults_statue_guard, hangedman_vaults_nails,
          layout_vaults_maze_snakey, serial_shops,
          nicolae_shop_bloodbath_and_beyond
Depths:1: layout_gridville, bh_walls_and_bars, hell_entry,
          hangedman_cracks_in_the_wall, serial_bayou_shore_b
Depths:2: minmay_four_inscribed_fans, layout_small_grid, abyss_entry,
          minmay_fountain_box, rand_demon_pan_entry_7, lightli_too_deep,
          st_stairs_6, kennysheep_flooded_box
Depths:3: minmay_two_paths, layout_basic, enter_ziggurat_b, abyss_entry,
          minmay_misc_feat_tiny, hell_entry, minmay_tree_intersection,
          minmay_staircase_statues, uniq_xtahua, uniq_margery
Depths:4: grunt_zot_entry_gee_three, layout_gridlike, hellmouth_1, abyss_entry,
          nemelex_lonely_heart_becter, serial_shops, nicolae_lakefront_shop,
          minmay_checkered_concentric_circles
Zot:1:    layout_gridlike, st_stairs_12, lemuel_lake_of_fire
Zot:2:    layout_cathedral_of_symmetry, uniq_grunn
Zot:3:    layout_onion_interference, nicolae_transporter_intersection
Zot:4:    layout_gridlike, uniq_parghit
Zot:5:    layout_basic, hellmonk_ghost_big_iron

Skill      XL: |  1  2  3  4  5  6  7  8  9 10 11 12 13 14 15 16 17 18 19 20 21 22 23 24 25 |
---------------+----------------------------------------------------------------------------+-----
Conjurations   | 2 3 4 6 7 8 9 11 13 14 15 | 15.0
Spellcasting   | 3 4 6 8 10 13 15 17 18 | 18.0
Fire Magic     | 4 5 6 7 8 10 14 17 19 21 22 | 22.5
Fighting       | 3 6 7 8 10 11 14 15 17 18 | 18.8
Earth Magic    | 3 7 8 9 13 14 17 19 20 | 20.1
Armour         | 5 7 |  7.0
Dodging        | 4 7 |  7.0
Shields        | 4 5 7 8 |  8.7
Air Magic      | 5 8 9 |  9.0
Summonings     | 4 8 11 | 11.7
Ice Magic      | 5 |  5.0
Invocations    | 8 |  8.0
Stealth        | |  2.1

Action                     |  1- 3 |  4- 6 |  7- 9 | 10-12 | 13-15 | 16-18 | 19-21 | 22-24 | 25-27 || total
---------------------------+-------+-------+-------+-------+-------+-------+-------+-------+-------++-------
  Melee: Unarmed           |    12 |       |       |       |       |       |       |       |       ||    12
         Dagger            |    12 |    11 |    23 |       |       |       |       |       |       ||    46
         Club              |     1 |       |       |       |       |       |       |       |       ||     1
         Punch             |       |       |     2 |       |       |       |       |       |       ||     2
         Whip              |       |       |       |    27 |       |       |       |       |       ||    27
         Mace              |       |       |       |    15 |    62 |    87 |    36 |       |       ||   200
         Staff             |       |       |       |       |       |       |   111 |   122 |    18 ||   251
         Knife             |       |       |       |       |       |       |       |   209 |       ||   209
  Throw: Dart              |       |       |       |     1 |       |       |       |       |       ||     1
   Cast: Foxfire           |    41 |    57 |   240 |   240 |    16 |       |       |       |       ||   594
         Scorch            |    10 |     9 |    95 |   155 |    50 |       |       |       |       ||   319
         Stone Arrow       |       |       |       |   101 |   455 |   600 |   638 |   141 |       ||  1935
         Flame Wave        |       |       |       |       |    36 |    13 |       |       |       ||    49
         Freezing Cloud    |       |       |       |       |       |    61 |     3 |       |       ||    64
         Iskenderun's Myst |       |       |       |       |       |    14 |       |       |       ||    14
         Spellforged Servi |       |       |       |       |       |    24 |   111 |    69 |     4 ||   208
         Ignition          |       |       |       |       |       |       |     1 |    53 |       ||    54
         Lehudib's Crystal |       |       |       |       |       |       |       |    56 |    11 ||    67
         Borgnjor's Vile C |       |       |       |       |       |       |       |   111 |     2 ||   113
 Invoke: Ancestor Life: Kn |       |       |       |     1 |       |       |       |       |       ||     1
         Recall Ancestor   |       |       |       |     7 |     8 |     3 |     2 |       |     4 ||    24
         Ancestor Identity |       |       |       |       |     1 |       |       |       |       ||     1
         Idealise          |       |       |       |       |       |     1 |       |     3 |     1 ||     5
  Evoke: Wand              |       |       |       |     1 |       |     3 |       |     1 |       ||     5
         Condenser vane    |       |       |       |       |     2 |     1 |     1 |     2 |       ||     6
         Phantom mirror    |       |       |       |       |     1 |     1 |       |     1 |       ||     3
         Tin of tremorston |       |       |       |       |     1 |       |       |       |       ||     1
         Phial of floods   |       |       |       |       |       |       |       |     1 |       ||     1
    Use: Scroll            |       |     8 |     1 |    18 |    11 |     6 |     1 |    10 |     6 ||    61
         Potion            |       |       |       |     3 |     1 |     2 |       |     8 |       ||    14
   Stab: Distracted        |       |       |       |     1 |     1 |       |       |    13 |     1 ||    16
         Petrified         |       |       |       |       |     4 |       |       |       |       ||     4
         Invisible         |       |       |       |       |       |       |       |     2 |       ||     2
         Sleeping          |       |       |       |       |       |       |       |     1 |       ||     1
 Armour: Robe              |    16 |       |       |       |       |       |       |       |       ||    16
         Leather armour    |       |    14 |    38 |   231 |   203 |   270 |   304 |   261 |    36 ||  1357
  Dodge: Dodged            |    20 |    21 |    68 |   259 |   199 |   224 |   264 |   233 |    22 ||  1310
  Block: Buckler           |       |       |     2 |    51 |    87 |   161 |   174 |   118 |       ||   593
         Kite shield       |       |       |       |       |       |       |       |    19 |    44 ||    63

Table legend: (Time is in decaauts)
 A = Elapsed time spent in this place.
 B = Non-inter-level travel time spent in this place.
 C = Inter-level travel time spent in this place.
 D = Time resting spent in this place.
 E = Time spent auto-exploring this place.
 F = Levels seen in this place.
 G = Mean time per level.
                   A        B        C        D        E       F      G
               +--------+--------+--------+--------+--------+-----+--------+
         Total |  57297 |  52928 |   4369 |   6611 |  35181 |  53 | 1081.1 |
       Dungeon |  18165 |  16124 |   2041 |   2487 |  10920 |  15 | 1211.0 |
        Temple |    340 |    328 |     12 |      0 |    279 |   1 |  340.0 |
          Lair |   8003 |   7298 |    705 |   1102 |   4903 |   5 | 1600.6 |
        Shoals |   4329 |   4180 |    149 |    353 |   2939 |   4 | 1082.2 |
     Snake Pit |   5643 |   5363 |    280 |    690 |   3655 |   4 | 1410.8 |
    Slime Pits |   1451 |   1392 |     59 |    253 |    705 |   5 |  290.2 |
  Orcish Mines |   1309 |   1136 |    173 |     94 |    748 |   2 |  654.5 |
   Elven Halls |   4051 |   3760 |    291 |     82 |   2758 |   3 | 1350.3 |
        Vaults |   6248 |   5800 |    448 |    441 |   4158 |   4 | 1562.0 |
        Depths |   5716 |   5535 |    181 |    490 |   3595 |   4 | 1429.0 |
           Zot |   1348 |   1322 |     26 |    273 |    361 |   5 |  269.6 |
      Gauntlet |    690 |    690 |      0 |    346 |    158 |   1 |  690.0 |
               +--------+--------+--------+--------+--------+-----+--------+

Top non-repeatable levels by time:
  Lair:1: 2284 daAuts
     D:5: 2262 daAuts
     D:9: 2220 daAuts
  Lair:2: 1880 daAuts
Depths:2: 1738 daAuts
Vaults:3: 1708 daAuts
   Elf:1: 1686 daAuts
  Lair:5: 1677 daAuts
Depths:4: 1634 daAuts
Vaults:1: 1614 daAuts
     D:7: 1609 daAuts
Shoals:4: 1574 daAuts
Vaults:4: 1550 daAuts
   Elf:3: 1544 daAuts
 Snake:4: 1542 daAuts
